 Dungeon Crawl Stone Soup version 0.30.1-11-g7821555f0a (webtiles) character file.

Game seed: 17514572892791742844

43143 lonewolfV2 the Timeless (level 13, -2/115 HPs)
             Began as a Minotaur Fighter on Nov 14, 2023.
             Was a High Priest of Cheibriados.
             Shot with a bolt by a yaktaur (23 damage)
             ... on level 15 of the Dungeon.
             The game lasted 00:30:33 (16411 turns).

lonewolfV2 the Timeless (Minotaur Fighter)         Turns: 16411, Time: 00:30:34

Health: -2/115     AC: 21    Str: 35    XL:     13   Next: 89%
Magic:  22/22      EV: 24    Int: 19    God:    Cheibriados [*****.]
Gold:   1050       SH:  5    Dex: 35    Spells: 12/12 levels left

rFire   + . .        P - +13 scythe of Curses {drain, curses, Drain}
rCold   . . .        (shield currently unavailable)
rNeg    . . .        M - +2 chain mail {rF+}
rPois   .            (helmet restricted)
rElec   .            (no cloak)
rCorr   .            y - +2 pair of gloves
SInv    .            (no boots)
Will    .....        D - amulet of reflection Stlth
                     m - +4 ring of protection
HPRegen 0.39/turn    b - +6 ring of dexterity
MPRegen 0.18/turn

%: reflection
@: lethally poisoned (-2 -> -22), very slow
A: horns 2, retaliatory headbutt
a: Renounce Religion, Bend Time, Temporal Distortion, Slouch, Step From Time


You were on level 15 of the Dungeon.
You worshipped Cheibriados.
Cheibriados was extremely pleased with you.
You visited 2 branches of the dungeon, and saw 16 of its levels.
You also visited: Sewer.

You collected 1050 gold pieces.

Inventory:

Hand Weapons
 a - a +3 war axe of flaming
 u - a +4 war axe
 P - the +13 scythe of Curses (weapon) {drain, curses, Drain}
   (You found it on level 14 of the Dungeon)

   Drain:     It drains your maximum health when unequipped.
Missiles
 A - 2 throwing nets (quivered)
Armour
 h - a +2 kite shield of cold resistance
 l - a +2 chain mail of cold resistance
 y - a +2 pair of gloves (worn)
 M - a +2 chain mail of fire resistance (worn)
 O - a +0 tower shield
Jewellery
 b - a +6 ring of dexterity (right hand)
 m - a +4 ring of protection (left hand)
 n - a ring of positive energy
 o - a ring of protection from fire
 t - an amulet of guardian spirit
 z - a +4 ring of slaying
 D - an amulet of reflection (around neck)
 G - a ring of positive energy
 H - a ring of see invisible
 I - a +4 ring of protection
 J - a ring of willpower
Wands
 q - a wand of iceblast (16)
 w - a wand of polymorph (6)
Scrolls
 j - 6 scrolls of identify
 p - 3 scrolls of immolation
 r - 2 scrolls of magic mapping
 B - 2 scrolls of fog
 C - 2 scrolls of teleportation
 E - 3 scrolls of fear
 L - a scroll of amnesia
Potions
 d - 5 potions of might
 e - 3 potions of brilliance
 f - 5 potions of curing
 g - 9 potions of lignification
 i - 2 potions of mutation
 k - 4 potions of attraction
 s - 4 potions of degeneration
 v - a potion of haste
 x - 2 potions of invisibility
Miscellaneous
 c - a piece from Xom's chessboard (15/15)
 K - a lightning rod (1/4)
 N - a phial of floods


   Skills:
 - Level 10.8 Fighting
 - Level 11.0 Axes
 - Level 10.2 Armour
 - Level 12.7 Dodging
 - Level 10.8 Shields
 * Level 13.9 Invocations


You had 12 spell levels left.
You didn't know any spells.
Your spell library contained the following spells:

 Spells                   Type           Power      Damage    Failure   Level
 Apportation              Tloc           0%         N/A       50%         1
 Necrotise                Necr           0%         1d4       50%         1
 Summon Small Mammal      Summ           0%         N/A       50%         1
 Cigotuvi's Dreadful Rot  Necr/Pois/Air  0%         N/A       65%         2
 Ensorcelled Hibernation  Hex/Ice        0%         N/A       65%         2
 Passwall                 Tmut/Erth      0%         N/A       65%         2
 Swiftness                Air            0%         N/A       86%         3
 Tukima's Dance           Hex            0%         N/A       86%         3
 Vampiric Draining        Necr           0%         2d6       86%         3
 Animate Armour           Summ/Erth      0%         N/A       99%         4
 Dispel Undead            Necr           0%         3d6       99%         4
 Leda's Liquefaction      Hex/Erth       0%         N/A       99%         4
 Passage of Golubria      Tloc           0%         N/A       99%         4
 Agony                    Necr           0%         N/A       100%        5
 Blade Hands              Tmut           0%         N/A       100%        5
 Lee's Rapid Deconstruct  Erth           0%         3d4*      100%        5
 Yara's Violent Unravell  Hex/Tmut       0%         3d3       100%        5
 Death Channel            Necr           0%         N/A       100%        6
 Iron Shot                Conj/Erth      0%         9d1       100%        6
 Simulacrum               Ice/Necr       0%         N/A       100%        6
 Statue Form              Tmut/Erth      0%         N/A       100%        6
 Ozocubu's Refrigeration  Ice            0%         4d7       100%        7
 Maxwell's Capacitive Co  Air            0%         ∞         100%        8
 Chain Lightning          Conj/Air       0%         N/A       100%        9
 Fire Storm               Conj/Fire      0%         5d1       100%        9
 Polar Vortex             Ice            0%         N/A       100%        9
 Shatter                  Erth           0%         3d5*      100%        9


Dungeon Overview and Level Annotations

Branches:
Dungeon (15/15)            Temple (1/1) D:7            Lair (0/5) D:11
    Orc (0/2) D:9          Vaults (0/5) D:14          Sewer (visited)
 Depths: D:15

Altars:
Ashenzari
Cheibriados
Dithmenos
Elyvilon
Fedhas
Gozag
Hepliaklqana
Kikubaaqudgha
Makhleb
Nemelex Xobeh
Okawaru
Qazlal
Ru
Sif Muna
Trog
Uskayaw
Vehumet
Wu Jian
Xom
Yredelemnul
Zin
The Shining One

Shops:
D:2 ?*[=   D:7 (   D:8 (

Portals:
Trove: D:10 (show abyssal rune of Zot)

Annotations:
D:15 Nessos


Innate Abilities, Weirdness & Mutations

You have a pair of horns on your head.
You reflexively headbutt those who attack you in melee.


Message History

Nessos mumbles some strange words.
Nessos seems to speed up.
Nessos shoots an arrow.
The arrow closely misses you.
You feel much better.
You feel very sick.
Nessos shoots an arrow.
The arrow hits you.
You are more poisoned.
Nessos shoots an arrow.
The arrow hits you!!
* * * LOW HITPOINT WARNING * * *
The arrow burns you.
* * * LOW HITPOINT WARNING * * *
You feel much better.
* * * LOW HITPOINT WARNING * * *
You feel very sick.
Nessos gestures wildly while chanting.
Nessos blinks!
Nessos shoots an arrow.
The arrow closely misses you.
The yaktaur wields a +0 arbalest.
The yaktaur shoots a bolt.
The bolt misses you.
Aiming: Thunderbolt
Press: ? - help, Q - select action, (/) - cycle Shift-Dir - straight line, f/p - Nessos
Aim: Nessos, wielding a +1 longbow of flaming and wearing a +0 barding (lightly wounded, fast)
The thunderbolt hits Nessos.
Nessos is moderately wounded.
* * * LOW HITPOINT WARNING * * *
You feel very sick.
You hear a horrible gurgling sound! x2
Nessos shoots an arrow.
The arrow misses you.
Nessos shoots an arrow.
The arrow barely misses you.
The yaktaur shoots a bolt.
The bolt closely misses you.
You hear a horrible gurgling sound!
Aiming: Thunderbolt
Press: ? - help, Q - select action, (/) - cycle Shift-Dir - straight line, f/p - Nessos
Aim: Nessos, wielding a +1 longbow of flaming and wearing a +0 barding (moderately wounded, fast)
The thunderbolt hits Nessos!!
Nessos is heavily wounded.
* * * LOW HITPOINT WARNING * * *
You feel very sick.
You hear a horrible gurgling sound!
Nessos shoots an arrow.
The arrow barely misses you.
The yaktaur shoots a bolt.
The bolt hits you!!
You die...

.## # ..# #. ..# #.
.?# .......#.. ..#
.......#..#####..#
.......##..)....#
........##.)@..##...
.........###)###....
.........e..c.......
..........§.........
.......<......######
..............#
.......c).....#
..............#
..............#


You could see Nessos (fast) and a yaktaur.

Vanquished Creatures
  Rupert (D:13)
  A broodmother (shapeshifter) (D:13)
  A very ugly thing (D:14)
  Snorg (D:12)
  Josephine (D:12)
  4 vault guards (D:14)
  Harold (D:11)
  6 centaur warriors
  A catoblepas (D:13)
  An ogre mage (D:14)
  2 two-headed ogres
  A tengu warrior (D:13)
  2 spriggan simulacra (D:14)
  A harpy (D:14)
  Pikel (D:7)
  4 manticores
  2 necromancers
  A deep elf zephyrmancer (D:15)
  2 deep elf pyromancers
  3 ugly things
  An orc sorcerer (D:15)
  A naga mage (D:15)
  3 unseen horror zombies (D:9)
  12 centaur skeletons
  A kobold demonologist (D:11)
  An efreet (D:13)
  A komodo dragon (D:11)
  2 tengu conjurers
  A queen bee (shapeshifter) (D:14)
  A harpy zombie (D:15)
  2 trolls
  3 meliai (D:14)
  A hornet (D:7)
  4 flying skulls (D:12)
  5 shadows (D:12)
  A yak (shapeshifter) (D:15)
  4 basilisks
  6 wraiths
  7 humans (D:14)
  A wyvern (D:11)
  A steam dragon (D:7)
  A minotaur simulacrum (D:14)
  A harpy simulacrum (D:14)
  5 acid dragons
  A water moccasin (D:6)
  3 orc warriors
  2 ice beasts
  2 black bears
  An alligator simulacrum (D:14)
  An ogre (D:4)
  12 centaurs
  A phantom (D:4)
  5 kobold brigands
  3 bullfrogs
  2 scorpions
  2 deep troll simulacra (D:14)
  17 wights
  A lindwurm simulacrum (D:14)
  4 howler monkeys
  11 centaur zombies
  A hound (D:7)
  5 jellies
  9 orc priests
  A gnoll bouda (D:8)
  5 iguanas
  22 orc wizards
  Natasha (thrice) (D:2)
  3 sleepcaps
  A boggart skeleton (D:12)
  A howler monkey zombie (D:9)
  13 adders
  4 gnolls (D:8)
  A river rat (Sewer)
  3 shadow imps
  2 worms (Sewer)
  A dart slug (D:1)
  70 orcs
  4 bats
  9 endoplasms
  5 giant cockroaches
  7 goblins
  13 hobgoblins
  6 kobolds
  9 quokkas
  15 ball pythons
  2 frilled lizards (D:3)
  11 rats
397 creatures vanquished.

Vanquished Creatures (others)
  A human (D:14)
1 creature vanquished.

Grand Total: 398 creatures vanquished

Notes
Turn   | Place    | Note
-------+----------+-------------------------------------------
     0 | D:1      | lonewolfV2 the Minotaur Fighter began the quest for the
                  | Orb.
     0 | D:1      | Reached XP level 1. HP: 19/19 MP: 0/0
   149 | D:1      | You fall into a shaft and drop 1 floor!
   247 | D:1      | Reached XP level 2. HP: 27/27 MP: 1/1
   747 | D:2      | Found Hyozey's Magic Scroll Emporium.
   754 | D:2      | Reached skill level 1 in Invocations
   815 | D:2      | Found Utonay's Assorted Antiques.
   822 | D:2      | Found Qonayczi's Armour Shoppe.
   880 | D:2      | Found Biamm's Jewellery Shoppe.
   944 | D:2      | Noticed Natasha
   949 | D:2      | Killed Natasha
   950 | D:2      | Reached skill level 5 in Fighting
   950 | D:2      | Reached XP level 3. HP: 36/36 MP: 1/3
  1148 | D:2      | Noticed Natasha
  1156 | D:2      | Killed Natasha
  1157 | D:2      | Reached skill level 2 in Invocations
  1157 | D:2      | Reached XP level 4. HP: 34/42 MP: 4/4
  1275 | D:2      | Noticed Natasha
  1287 | D:2      | Killed Natasha
  1550 | D:3      | Reached XP level 5. HP: 47/50 MP: 4/6
  1613 | D:3      | Reached skill level 3 in Invocations
  1661 | D:3      | Found a faded altar of an unknown god.
  1818 | D:3      | Found a faded altar of an unknown god.
  1818 | D:3      | Found a sparkling altar of Nemelex Xobeh.
  1826 | D:3      | Found a bloodstained altar of Trog.
  1828 | D:3      | Found an iron altar of Okawaru.
  1830 | D:3      | Found a faded altar of an unknown god.
  2171 | D:3      | Reached skill level 4 in Invocations
  2171 | D:3      | Reached XP level 6. HP: 24/58 MP: 6/8
  2668 | D:4      | Reached skill level 5 in Invocations
  2675 | D:4      | Reached XP level 7. HP: 41/66 MP: 8/10
  3099 | D:5      | Entered Level 5 of the Dungeon
  3115 | D:5      | Reached skill level 6 in Invocations
  3500 | D:5      | Found a glowing silver altar of Zin.
  3913 | D:6      | Found a glowing drain.
  3931 | Sewer    | Entered a sewer
  3993 | Sewer    | Reached skill level 7 in Invocations
  3993 | Sewer    | Reached XP level 8. HP: 30/74 MP: 12/12
  4880 | D:6      | Reached skill level 8 in Invocations
  4986 | D:6      | Identified the +2 robe "Toqeh" {Fly rN+}
  5235 | D:6      | Reached skill level 10 in Armour
  5235 | D:6      | Reached XP level 9. HP: 83/83 MP: 14/14
  5349 | D:6      | Found a broken altar of Ashenzari.
  5400 | D:6      | Reached skill level 9 in Invocations
  5482 | D:6      | Found a runed translucent door.
  6234 | D:7      | Reached XP level 10. HP: 91/91 MP: 15/15
  6400 | D:7      | Found a staircase to the Ecumenical Temple.
  6409 | Temple   | Entered the Ecumenical Temple
  6430 | Temple   | Became a worshipper of Cheibriados the Contemplative
  6564 | D:7      | Found Liginik's Weapon Shop.
  6582 | D:7      | Paralysed by a hornet for 1 turns
  6694 | D:7      | Noticed Pikel
  6705 | D:7      | Killed Pikel
  7043 | D:7      | Found a stormy altar of Qazlal.
  7433 | D:8      | Reached skill level 10 in Fighting
  7575 | D:8      | Found a hide-covered altar of Uskayaw.
  7626 | D:8      | Reached skill level 10 in Invocations
  7634 | D:8      | Reached * piety under Cheibriados
  7673 | D:8      | Found Icuqeo's Weapon Shoppe.
  7760 | D:8      | Found a glowing golden altar of the Shining One.
  7760 | D:8      | Found a hazy altar of Hepliaklqana.
  8572 | D:9      | Reached ** piety under Cheibriados
  8729 | D:9      | Found a staircase to the Orcish Mines.
  9522 | D:9      | Reached *** piety under Cheibriados
  9613 | D:9      | Noticed a two-headed ogre
  9619 | D:9      | Killed a two-headed ogre
  9620 | D:9      | Reached XP level 11. HP: 92/101 MP: 17/17
  9669 | D:9      | Reached skill level 5 in Axes
  9735 | D:10     | Entered Level 10 of the Dungeon
  9765 | D:10     | Found a portal to a secret trove of treasure.
  9929 | D:10     | Reached skill level 5 in Shields
 10006 | D:10     | Found an ornate altar of the Wu Jian Council.
 10413 | D:11     | Noticed Harold
 10424 | D:10     | Reached **** piety under Cheibriados
 10501 | D:11     | Killed Harold
 10612 | D:11     | Found a sacrificial altar of Ru.
 10860 | D:11     | Identified the +1 scale mail of Incorporation {+Inv}
 11223 | D:11     | Found a staircase to the Lair.
 11553 | D:12     | Noticed Snorg
 11561 | D:12     | Killed Snorg
 11615 | D:12     | Noticed a necromancer
 11632 | D:12     | Killed a necromancer
 11646 | D:12     | Noticed Josephine
 11651 | D:12     | Reached XP level 12. HP: 43/108 MP: 18/18
 11659 | D:12     | Reached ***** piety under Cheibriados
 11668 | D:12     | Killed Josephine
 11669 | D:12     | Reached skill level 10 in Axes
 11669 | D:12     | Reached skill level 10 in Shields
 12198 | D:12     | Noticed a two-headed ogre
 12207 | D:12     | Killed a two-headed ogre
 12354 | D:12     | Found a glowing golden altar of the Shining One.
 12397 | D:12     | Reached skill level 10 in Dodging
 13319 | D:13     | Noticed a centaur warrior
 13321 | D:13     | Killed a centaur warrior
 13345 | D:13     | Got the Volume of Overcast Bones
 13568 | D:13     | Noticed a centaur warrior
 13574 | D:13     | Killed a centaur warrior
 13725 | D:13     | Noticed a centaur warrior
 13728 | D:13     | Killed a centaur warrior
 13953 | D:13     | Noticed a tengu warrior
 13977 | D:13     | Killed a tengu warrior
 13978 | D:13     | Reached XP level 13. HP: 93/115 MP: 15/20
 14129 | D:13     | an alligator changed into a broodmother
 14129 | D:13     | Noticed a broodmother (shapeshifter)
 14137 | D:13     | Killed a broodmother
 14138 | D:13     | Reached skill level 11 in Invocations
 14138 | D:13     | Noticed Rupert
 14160 | D:13     | Killed Rupert
 14877 | D:14     | Noticed a purple very ugly thing
 14893 | D:14     | Killed a purple very ugly thing
 15454 | D:14     | Reached skill level 12 in Invocations
 15517 | D:14     | Found the +13 scythe of Curses {drain, curses, Drain}
 15785 | D:14     | Reached skill level 13 in Invocations
 15839 | D:14     | Found a gate to the Vaults.
 16170 | D:15     | Entered Level 15 of the Dungeon
 16403 | D:15     | Noticed Nessos
 16411 | D:15     | Shot with a bolt by a yaktaur

Illustrated notes

Levels and vault maps discovered:
D:1:      dpeg_arrival_round_c, layout_basic
D:2:      layout_loops_ring, serial_shops, nicolae_shop_gaudy_bauble,
          nicolae_shop_tiny_statue_garden,
          nicolae_shop_temple_entry_statues_fountains, shop,
          minmay_misc_feat_enclosed, minmay_misc_feat_nine_boxes, uniq_natasha
D:3:      layout_basic, chequers_temple_overflow_minitemple,
          shapermc_ecumenical_altar_mp_urbaneastern, minmay_goblin_kobold_house
D:4:      layout_rooms, kennysheep_generic_room_11
D:5:      layout_rooms, mainiacjoe_overflow_catwalk
D:6:      layout_loops_ring, cheibrodos_ashenzari_chains, portal_sewer_entry_f,
          minivault_23, lightli_church_of_beogh
D:7:      layout_basic, mainiacjoe_overflow_24_doors,
          minmay_temple_entry_junction_2, serial_glass, glass_columns_b,
          glass_columns_a, glass_columns_a, glass_columns_a, serial_shops,
          nicolae_shop_crystal, supply_closet_lemuel, uniq_pikel
D:8:      layout_basic, old_standard_altar, gammafunk_temple_overflow_statue,
          serial_shops, nicolae_shop_bloodbath_and_beyond, abandoned_shop
D:9:      layout_basic, erik_orc_3, enter_bailey_1, serial_undead,
          serial_undead_c, serial_undead_f, serial_undead_a, serial_undead_c,
          serial_undead_d, serial_undead_a, serial_undead_e, serial_undead_a
D:10:     layout_gridville, pdpol_wu_jian_five_deadly_venoms,
          nicolae_trove_entry_free_sample
D:11:     layout_basic, erik_lair_dragon, nicolae_ru_sacrificial_ziggurat,
          uniq_harold
D:12:     hangedman_screamer, layout_layer_cave, tso_metal_star, uniq_snorg
D:13:     layout_irregular_city, uniq_rupert
D:14:     minmay_cut_squares, layout_irregular_city, ximxim_vaults_locker_room,
          portal_ice_cave_entry_ice_simulacra, minmay_misc_feat_plants
D:15:     grunt_enter_depths_magical_seal, layout_small_grid, uniq_josephine,
          uniq_nessos
Temple:   nicolae_temple_ecumenical_triangle

Skill      XL: |  1  2  3  4  5  6  7  8  9 10 11 12 13 |
---------------+----------------------------------------+-----
Fighting       | 4 5 6 7 8 9 10 | 10.8
Invocations    | 1 2 4 5 7 8 9 10 13 | 13.9
Armour         | 10 | 10.2
Dodging        | 8 11 12 | 12.7
Axes           | 4 9 11 | 11.0
Shields        | 4 9 10 | 10.8

Action                     |  1- 3 |  4- 6 |  7- 9 | 10-12 | 13-15 || total
---------------------------+-------+-------+-------+-------+-------++-------
  Melee: War axe           |    57 |   106 |   232 |   426 |   162 ||   983
         Headbutt          |     6 |    12 |    41 |    92 |    64 ||   215
         Scythe            |       |       |       |       |    35 ||    35
 Invoke: Bend Time         |       |       |       |     2 |     1 ||     3
         Temporal Distorti |       |       |       |     1 |       ||     1
  Evoke: Wand              |       |       |       |     3 |     3 ||     6
         Lightning rod     |       |       |       |       |     3 ||     3
    Use: Scroll            |     1 |     6 |    15 |     8 |       ||    30
         Potion            |       |       |     1 |     3 |     7 ||    11
 Armour: Scale mail        |    37 |    60 |   175 |    21 |       ||   293
         Chain mail        |       |       |       |   264 |    85 ||   349
  Dodge: Dodged            |    36 |    46 |   123 |   460 |   251 ||   916
  Block: Buckler           |    13 |    17 |    53 |   395 |       ||   478
         Reflection        |       |       |       |    27 |     4 ||    31
         Kite shield       |       |       |       |       |   232 ||   232
         Other             |       |       |       |       |    24 ||    24
